 Dungeon Crawl Stone Soup version 0.26-a0-1126-g3318b609a0 (webtiles) character file.

Game seed: 17035594955065181485

7473 salade2fruit the Covert (level 11, 75/75 HPs)
             Began as an Octopode Earth Elementalist on Dec 17, 2020.
             Was an Initiate of Gozag.
             Quit the game on level 10 of the Dungeon on Mar 7, 2022.
             The game lasted 01:19:20 (16937 turns).

salade2fruit the Covert (OpEE)                     Turns: 16937, Time: 01:19:21

Health: 75/75      AC:  6    Str:  8    XL:     11   Next: 15%
Magic:  18/18      EV: 16    Int: 20    God:    Gozag
Gold:   689        SH:  0    Dex: 13    Spells: 5/20 levels left

rFire    . . .     SeeInvis .   e - +0 spear (venom)
rCold    . . .     Faith    .   (no shield)
rNeg     . . .     Spirit   .   y - +1 hat
rPois    .         Reflect  .   J - amulet of regeneration
rElec    .         Harm     .   A - ring of wizardry
rCorr    +         Rampage  .   t - ring of resist corrosion
Will     .....                  G - +4 ring of protection
Stlth    +++++.....             I - ring of wizardry
HPRegen  0.62/turn              (no ring)
MPRegen  0.16/turn              (no ring)
                                (no ring)
                                (no ring)

@: no status effects
A: almost no armour, stealthy swim, amphibious, 8 rings, constrict 8, camouflage
1, gelatinous body 1
a: Renounce Religion, Potion Petition, Call Merchant, Bribe Branch


You were on level 10 of the Dungeon.
You worshipped Gozag.
Gozag was pleased with you.
You visited 2 branches of the dungeon, and saw 11 of its levels.

You collected 1615 gold pieces.
You spent 840 gold pieces at shops.
You paid 86 gold pieces to Gozag.

Inventory:

Hand Weapons
 e - a +0 spear of venom (weapon)
Missiles
 o - 96 poisoned darts (quivered)
 E - 98 stones
Armour
 y - a +1 hat (worn)
Magical Staves
 K - an uncursed staff of cold
Jewellery
 n - an uncursed ring of ice
 t - a ring of resist corrosion (right tentacle)
 A - a ring of wizardry (left tentacle)
 G - a +4 ring of protection (on tentacle)
 I - a ring of wizardry (on tentacle)
 J - an amulet of regeneration (around mantle)
Wands
 b - a wand of disintegration (14)
Scrolls
 a - 4 scrolls of amnesia
 f - 10 scrolls of identify
 i - 2 scrolls of magic mapping
 k - 8 scrolls of remove curse
 l - a scroll of noise {unknown}
 m - 2 scrolls of enchant weapon {unknown}
 q - 2 scrolls of random uselessness {unknown}
 u - 2 scrolls of fog {unknown}
 v - 3 scrolls of blinking {unknown}
 z - a scroll of torment {unknown}
 B - a scroll of brand weapon {unknown}
 F - a scroll of enchant armour {unknown}
Potions
 c - a potion of degeneration {unknown}
 d - 3 potions of curing
 g - 3 potions of invisibility {unknown}
 h - 2 potions of haste
 p - 2 potions of mutation {unknown}
 r - a potion of might {unknown}
 s - 3 potions of brilliance
 w - a potion of ambrosia {unknown}
 x - a potion of resistance {unknown}
 C - a potion of flight {unknown}
 D - 2 potions of attraction {unknown}
 H - a potion of berserk rage


   Skills:
 - Level 7.2 Fighting
 - Level 2.0 Short Blades
 - Level 0.1 Maces & Flails
 - Level 0.3 Throwing
 - Level 5.7 Dodging
 - Level 9.0 Stealth
 - Level 5.0 Spellcasting
 + Level 7.8 Conjurations
 + Level 5.0 Hexes
 - Level 2.0 Transmutations
 - Level 7.2 Earth Magic


You had 5 spell levels left.
You knew the following spells:

 Your Spells              Type           Power        Failure   Level
a - Sandblast             Erth           66%          1%          1
b - Passwall              Tmut/Erth      19%          1%          2
d - Fulminant Prism       Conj/Hex       15%          2%          4
e - Lee's Rapid Deconstr  Erth           16%          4%          5
z - Stone Arrow           Conj/Erth      70%          1%          3

Your spell library contained the following spells:

 Spells                   Type           Power        Failure   Level
 Corona                   Hex            27%          1%          1
 Magic Dart               Conj           100%         1%          1
 Shock                    Conj/Air       80%          1%          1
 Ensorcelled Hibernation  Hex/Ice        30%          1%          2
 Searing Ray              Conj           72%          1%          2
 Confusing Touch          Hex            25%          1%          3
 Dazzling Flash           Conj/Hex       60%          1%          3
 Tukima's Dance           Hex            25%          1%          3
 Summon Small Mammal      Summ           20%          3%          1
 Summon Guardian Golem    Hex/Summ       15%          3%          3
 Call Imp                 Summ           5%           4%          2
 Cause Fear               Hex            12%          4%          4
 Petrify                  Tmut/Erth      23%          4%          4
 Iskenderun's Mystic Bla  Conj/Tloc      20%          6%          4
 Sticky Flame             Conj/Fire      20%          6%          4
 Call Canine Familiar     Summ           5%           10%         3
 Summon Ice Beast         Ice/Summ       5%           28%         4
 Summon Lightning Spire   Summ/Air       5%           28%         4
 Starburst                Conj/Fire      10%          63%         6


Dungeon Overview and Level Annotations

Branches:
Dungeon (10/15)            Temple (1/1) D:7            Lair (0/6) D:10
    Orc: D:9-12

Altars:
Ashenzari
Cheibriados
Dithmenos
Elyvilon
Fedhas
Gozag
Hepliaklqana
Kikubaaqudgha
Makhleb
Nemelex Xobeh
Okawaru
Qazlal
Ru
Sif Muna
Trog
Uskayaw
Vehumet
Wu Jian
Xom
Yredelemnul
Zin
The Shining One

Shops:
D:9 =(=*:   D:10 *

Annotations:
D:3 Sigmund
D:6 Dowan, Duvessa
D:9 Harold
D:10 3 runed translucent doors, Fannar; kae's ghost, journeyman HOAK


Innate Abilities, Weirdness & Mutations

You cannot wear most types of armour.
You are very stealthy in the water. (Stealth+)
You are amphibious.
You can wear up to eight rings at the same time.
You can use your tentacles to constrict eight enemies at once.
Your skin changes colour to match your surroundings (Stealth+).
Your rubbery body absorbs attacks. (AC +1, EV +1)


Message History

Level annotation: 3 runed translucent doors, Fannar; kae's ghost, journeyman HOAK Welcome back, salade2fruit the Octopode Earth Elementalist.
Gozag says: Greed is good.
Press ? for a list of commands and other information.
Unknown command.
Autopickup is now off.
Autopickup is now on.
Saving game... please wait.
Level annotation: 3 runed translucent doors, Fannar; kae's ghost, journeyman HOAK Welcome back, salade2fruit the Octopode Earth Elementalist.
Gozag says: Greed is good.
Press ? for a list of commands and other information.
Save game and exit?
Okay, then.
Okay, then.
Okay, then.
Okay, then.
Autopickup is now off.
Autopickup is now on.
Are you sure you want to abandon this character and quit the game? (Confirm with "yes".)

#######
#@....#
#.....######
#.....'.....
#...>.#####
####.....#
8...8
#.#.#.#
#...# #.#.#
# #...#
#.#.# ##...#
###.#)#
#8...8


There were no monsters in sight!

Vanquished Creatures
  A two-headed ogre (D:8)
  Psyche (D:9)
  A kobold demonologist (D:8)
  A komodo dragon (D:10)
  A yak (D:10)
  A wraith (D:10)
  2 wyverns
  Eustachio (D:5)
  A steam dragon (D:10)
  2 insubstantial wisps (D:10)
  2 water moccasins
  2 orc warriors
  3 black bears
  A phantom (D:4)
  2 eyes of draining
  4 sky beasts
  A necrophage (D:7)
  9 ogres
  3 centaurs
  7 big kobolds
  6 bullfrogs
  A wyvern zombie (D:9)
  3 scorpions
  9 killer bees
  A howler monkey (D:7)
  A crimson imp (D:9)
  A quasit (D:10)
  2 orc priests (D:3)
  A jelly (D:6)
  6 hounds
  2 bullfrog skeletons
  4 worker ants
  An iguana (D:7)
  9 orc wizards
  A hound skeleton (D:5)
  2 worker ant zombies
  7 adders
  3 shadow imps
  3 white imps
  2 ufetubi
  4 oozes
  3 worms
  4 leopard geckos
  36 orcs
  5 giant cockroaches
  7 goblins
  9 hobgoblins
  2 jackals (D:2)
  A quokka (D:2)
  8 bats
  5 frilled lizards
  A jackal skeleton (D:5)
  30 kobolds
  9 rats
235 creatures vanquished.

Vanquished Creatures (others)
  12 fulminant prisms
  17 fungi (D:10)
  10 plants
39 creatures vanquished.

Grand Total: 274 creatures vanquished

Notes
Turn   | Place    | Note
-------+----------+-------------------------------------------
     0 | D:1      | salade2fruit the Octopode Earth Elementalist began the
                  | quest for the Orb.
     0 | D:1      | Reached XP level 1. HP: 11/11 MP: 3/3
   276 | D:1      | Reached skill level 3 in Stealth
   276 | D:1      | Reached XP level 2. HP: 17/17 MP: 1/5
   463 | D:2      | Found a faded altar of an unknown god.
   571 | D:2      | Reached XP level 3. HP: 17/21 MP: 3/6
  1310 | D:2      | Found a bloodstained altar of Trog.
  1476 | D:1      | Reached XP level 4. HP: 20/27 MP: 7/7
  1660 | D:1      | Reached skill level 4 in Stealth
  2160 | D:3      | Noticed Sigmund
  2211 | D:3      | Reached skill level 1 in Short Blades
  2595 | D:3      | Reached XP level 5. HP: 31/31 MP: 8/8
  2628 | D:3      | Learned a level 2 spell: Passwall
  2632 | D:3      | Learned a level 3 spell: Stone Arrow
  3234 | D:4      | Noticed an ogre
  3248 | D:4      | Noticed a phantom
  3499 | D:3      | Reached skill level 5 in Stealth
  3933 | D:4      | Killed a phantom
  3934 | D:4      | Reached XP level 6. HP: 22/36 MP: 3/10
  4739 | D:4      | Found a stormy altar of Qazlal.
  5096 | D:4      | Reached skill level 1 in Fighting
  5096 | D:4      | Reached skill level 1 in Conjurations
  5096 | D:4      | Reached XP level 7. HP: 38/43 MP: 7/11
  5424 | D:4      | Reached skill level 6 in Stealth
  5805 | D:5      | Entered Level 5 of the Dungeon
  6197 | D:5      | Noticed Eustachio
  6539 | D:5      | Found an opulent altar of Gozag.
  6542 | D:5      | Found a sparkling altar of Nemelex Xobeh.
  6559 | D:5      | Found a shadowy altar of Dithmenos.
  6571 | D:5      | Became a worshipper of Gozag Ym Sagoz the Greedy
  6642 | D:5      | Reached skill level 7 in Stealth
  6977 | D:6      | Reached XP level 8. HP: 52/52 MP: 12/12
  7122 | D:5      | Killed Eustachio
  7123 | D:5      | Reached skill level 8 in Stealth
  7878 | D:6      | Noticed Duvessa
  7878 | D:6      | Noticed Dowan
  8327 | D:7      | Found a staircase to the Ecumenical Temple.
  8346 | Temple   | Entered the Ecumenical Temple
  8786 | D:7      | Reached skill level 9 in Stealth
  9335 | D:7      | Reached skill level 5 in Earth Magic
  9426 | D:7      | Reached XP level 9. HP: 17/60 MP: 1/13
  9676 | D:7      | Found a blossoming altar of Fedhas.
  9860 | D:7      | Found a hazy altar of Hepliaklqana.
  9950 | D:7      | Found an ancient bone altar of Kikubaaqudgha.
  9983 | D:6      | Reached skill level 5 in Fighting
  9983 | D:6      | Reached skill level 5 in Conjurations
 11507 | D:8      | Noticed a two-headed ogre
 12211 | D:8      | Noticed a kobold demonologist
 12801 | D:8      | Killed a two-headed ogre
 12802 | D:8      | Reached XP level 10. HP: 69/69 MP: 2/16
 13007 | D:8      | Noticed a smoke demon
 13172 | D:8      | Reached skill level 5 in Dodging
 13231 | D:8      | Killed a kobold demonologist
 13971 | D:9      | Found Fedanevve's Jewellery Shop.
 13991 | D:9      | Bought an uncursed ring of wizardry for 420 gold pieces
 13991 | D:9      | Bought an uncursed amulet of regeneration for 420 gold
                  | pieces
 14136 | D:9      | Learned a level 5 spell: Lee's Rapid Deconstruction
 14141 | D:9      | Learned a level 4 spell: Fulminant Prism
 14250 | D:9      | Found a shimmering altar of Xom.
 14252 | D:9      | Found a burning altar of Makhleb.
 14283 | D:9      | Found Raveg's Jewellery Shoppe.
 14303 | D:9      | Noticed Harold
 14430 | D:9      | Found Tokhosk's Book Boutique.
 14470 | D:9      | Found Xopsiv's Antique Weapon Emporium.
 14488 | D:9      | Noticed Psyche
 14805 | D:9      | Found Daefaoxzai's Assorted Antiques.
 15052 | D:9      | Killed Psyche
 15053 | D:9      | Reached skill level 5 in Spellcasting
 15267 | D:9      | Reached skill level 1 in Hexes
 15536 | D:9      | Found a snail-covered altar of Cheibriados.
 15538 | D:9      | Found a white marble altar of Elyvilon.
 15539 | D:9      | Found a glowing golden altar of the Shining One.
 15727 | D:10     | Entered Level 10 of the Dungeon
 15850 | D:10     | Found a runed translucent gate.
 15850 | D:10     | Found a runed translucent gate.
 15853 | D:10     | Found a runed translucent gate.
 15853 | D:10     | Found an opulent altar of Gozag.
 15853 | D:10     | Found Pirein's Assorted Antiques.
 15856 | D:10     | Noticed kae's ghost (journeyman HOAK)
 16211 | D:10     | Reached XP level 11. HP: 74/75 MP: 1/18
 16345 | D:10     | Found a staircase to the Lair.
 16777 | D:10     | Noticed Fannar
 16878 | D:10     | Reached skill level 5 in Hexes
 16935 | D:10     | Identified the Reference Book on Fetching Combat Magic
 16937 | D:10     | Quit the game

Illustrated notes

Levels and vault maps discovered:
D:1:      co_arrival_square_in_a_square_in_a_square, layout_rooms,
          minmay_three_crescents
D:2:      layout_basic, lemuel_coloured_pillars_altar,
          chequers_ecumenical_altar_island, st_stairs_4
D:3:      minmay_evil_eye, layout_loops_ring, uniq_sigmund
D:4:      layout_basic, overflow_temple_1_default
D:5:      layout_cave_pools, grunt_temple_overflow_diamond, uniq_eustachio
D:6:      layout_loops_ring, hangedman_decor_slide_cut, uniq_duvessa
D:7:      layout_basic, kennysheep_mini, nicolae_overflow_hidden_temple,
          minmay_temple_entry_antechambers, basic_altar
D:8:      layout_gridville, special_room [special_room_kobold]
D:9:      layout_loops_ring, grunt_temple_overflow_champion_of_chaos,
          gammafunk_temple_overflow_forgotten, serial_shops, shop, shop, shop,
          shop_coins, nicolae_shop_stone, serial_co_window_serial,
          co_window_paths_b, co_window_paths_a, co_window_paths_a,
          co_window_paths_a, co_window_paths_a, co_window_broadway_b,
          co_window_unsneaky_path_b, co_window_2corner, co_window_broadway_a,
          glass_columns_c, glass_columns_b, glass_columns_a, glass_columns_a,
          glass_columns_a, uniq_psyche, uniq_harold
D:10:     layout_basic, grunt_lair_entry_orc_guard_hut, ebering_ghost_gozag,
          corexii_hall_statues_x, hangedman_misty_isle, uniq_fannar
Temple:   dpeg_chambers_temple

Skill      XL: |  1  2  3  4  5  6  7  8  9 10 11 |
---------------+----------------------------------+-----
Stealth        | 3 4 5 7 9 |  9.0
Earth Magic    | 4 5 6 7 |  7.2
Short Blades   | 1 2 |  2.0
Spellcasting   | 3 4 5 |  5.0
Transmutations | 2 |  2.0
Fighting       | 1 3 4 6 7 |  7.2
Conjurations   | 1 3 4 5 7 |  7.8
Dodging        | 4 5 |  5.7
Hexes          | 4 5 |  5.0
Maces & Flails | |  0.1
Throwing       | |  0.3

Action                   |  1- 3 |  4- 6 |  7- 9 | 10-12 || total
-------------------------+-------+-------+-------+-------++-------
Melee: Unarmed           |    16 |       |       |       ||    16
       Constrict         |    12 |    27 |    22 |    25 ||    86
       Tentacles         |     7 |    18 |    21 |    20 ||    66
       Dagger            |    50 |   110 |   100 |    68 ||   328
       Mace              |       |    33 |       |       ||    33
       Spear             |       |       |       |    72 ||    72
Throw: Dart              |       |    10 |    51 |       ||    61
       Stone             |       |     1 |       |       ||     1
 Cast: Sandblast         |    22 |    48 |    75 |    56 ||   201
       Passwall          |       |     1 |     1 |       ||     2
       Stone Arrow       |       |       |    51 |    34 ||    85
       Fulminant Prism   |       |       |       |    12 ||    12
       Lee's Rapid Decon |       |       |       |     6 ||     6
  Use: Scroll            |       |    10 |     6 |     2 ||    18
       Potion            |       |     4 |     3 |       ||     7
 Stab: Sleeping          |     6 |     7 |     8 |     5 ||    26
       Distracted        |       |       |       |     2 ||     2
Armor: Skin              |     8 |    32 |    34 |    40 ||   114
Dodge: Dodged            |    42 |    75 |   127 |    87 ||   331

Table legend: (Time is in decaauts)
 A = Elapsed time spent in this place.
 B = Non-inter-level travel time spent in this place.
 C = Inter-level travel time spent in this place.
 D = Time resting spent in this place.
 E = Time spent auto-exploring this place.
 F = Levels seen in this place.
 G = Mean time per level.
                   A        B        C        D        E       F      G
               +--------+--------+--------+--------+--------+-----+--------+
         Total |  16948 |  16054 |    894 |   5803 |   6648 |  11 | 1540.7 |
       Dungeon |  16609 |  15715 |    894 |   5676 |   6449 |  10 | 1660.9 |
        Temple |    339 |    339 |      0 |    127 |    199 |   1 |  339.0 |
               +--------+--------+--------+--------+--------+-----+--------+

Top non-repeatable levels by time:
     D:3: 2293 daAuts
     D:7: 2279 daAuts
     D:4: 2040 daAuts
     D:9: 1976 daAuts
     D:8: 1874 daAuts
     D:5: 1693 daAuts
     D:2: 1251 daAuts
     D:6: 1230 daAuts
    D:10: 1216 daAuts
     D:1: 754 daAuts
  Temple: 339 daAuts
